 Dungeon Crawl Stone Soup version 0.28-a0-612-gcfc00ec14d (webtiles) character file.

Game seed: 13611367646159667421

172 funkygono the Firebug (level 5, 0/28 HPs)
             Began as a Gargoyle Fire Elementalist on Oct 5, 2021.
             Slain by a steam dragon (2 damage)
             ... on level 3 of the Dungeon.
             The game lasted 00:04:09 (2483 turns).

funkygono the Firebug (Gargoyle Fire Elementalist)  Turns: 2483, Time: 00:04:10

Health: 0/28       AC:  6    Str: 12    XL:     5   Next: 52%
Magic:  1/10       EV: 12    Int: 16    God:
Gold:   72         SH:  0    Dex: 10    Spells: 0/10 levels left

rFire   . . .      SeeInvis .   k - +3 flail
rCold   . . .      Faith    .   (no shield)
rNeg    + . .      Spirit   .   a - +0 robe
rPois   ∞          Reflect  .   (no helmet)
rElec   +          Harm     .   (no cloak)
rCorr   .          Rampage  .   (no gloves)
Will    .....                   (no boots)
Stlth   ++........              (no amulet)
HPRegen 0.09/turn               (no ring)
MPRegen 0.12/turn               (no ring)

@: no status effects
A: sickness immunity, AC +4, negative energy resistance 1, electricity
resistance, torment resistance 1, petrification resistance
a: no special abilities


You were on level 3 of the Dungeon.
You visited 1 branch of the dungeon, and saw 3 of its levels.

You collected 72 gold pieces.

Inventory:

Hand Weapons
 i - a +0 whip
 k - a +3 flail (weapon)
Missiles
 g - 23 stones
Armour
 a - a +0 robe (worn)
 e - a +0 leather armour
Jewellery
 c - a ring of ice
Wands
 h - a wand of flame (10)
Scrolls
 f - 2 scrolls of teleportation


   Skills:
 + Level 0.1 Fighting
 + Level 0.1 Maces & Flails
 + Level 1.7 Dodging
 - Level 2.1 Stealth
 * Level 3.3 Spellcasting
 * Level 3.0 Conjurations
 * Level 4.3 Fire Magic


You couldn't memorise any spells.
You knew the following spells:

 Your Spells              Type           Power      Damage    Failure   Level
a - Foxfire               Conj/Fire      56%        2x1d6     4%          1
b - Scorch                Fire           32%        2d6       4%          2
c - Conjure Flame         Conj/Fire      14%        6-21      12%         3
d - Flame Wave            Conj/Fire      14%        3d5       36%         4

Your spell library contained the following spells:

 Spells                   Type           Power      Damage    Failure   Level
 Apportation              Tloc           4%         N/A       19%         1
 Inner Flame              Hex/Fire       9%         N/A       22%         3
 Alistair's Intoxication  Tmut/Pois      1%         N/A       99%         5
 Invisibility             Hex            1%         N/A       100%        6


Dungeon Overview and Level Annotations

Branches:
Dungeon (3/15)

Altars:


Innate Abilities, Weirdness & Mutations

You are immune to sickness and miasma.
Your stone body is resilient. (AC +4)
You are immune to poison.
You resist negative energy. (rN+)
You are resistant to electric shocks. (rElec)
You are resistant to unholy torment.
You are immune to petrification.


Message History

You conjure some foxfire!
Casting: Foxfire (safe; 4% risk of failure)
Confirm with . or Enter, or press ? or * to list all spells.
You conjure some foxfire!
Unknown command.
Casting: Foxfire (safe; 4% risk of failure)
Confirm with . or Enter, or press ? or * to list all spells.
Flames lash the steam dragon.
The steam dragon is lightly wounded.
The steam dragon's fire resistance burns away.
The foxfire hits the steam dragon but does no damage.
The steam dragon is lightly wounded.
The foxfire hits the steam dragon but does no damage.
The steam dragon is lightly wounded.
The foxfire hits the steam dragon but does no damage.
The steam dragon is lightly wounded.
The steam dragon breathes steam at you. The ball of steam hits you!
Ouch! That really hurt!
Casting: Scorch (safe; 4% risk of failure)
Confirm with . or Enter, or press ? or * to list all spells.
Flames lash the steam dragon but do no damage.
You are engulfed in a cloud of scalding steam.
The foxfire hits the steam dragon.
The steam dragon is burned terribly!
The steam dragon is moderately wounded.
Unknown command.
Casting: Scorch (safe; 4% risk of failure)
Confirm with . or Enter, or press ? or * to list all spells.
Flames lash the steam dragon.
The steam dragon is burned terribly!
The steam dragon is heavily wounded.
You are engulfed in a cloud of scalding steam.
* * * LOW HITPOINT WARNING * * *
Casting: Scorch (safe; 4% risk of failure)
Confirm with . or Enter, or press ? or * to list all spells.
You conjure some foxfire!
You are engulfed in a cloud of scalding steam.
* * * LOW HITPOINT WARNING * * *
The steam dragon is no longer more vulnerable to fire.
The steam dragon closely misses you. The steam dragon claws you.
You die...

.#.# :..# ...#
..## #... ##..#
##D.# ##v@#
##.v## ##..##
##..## #..##
###.## ##...#
#..### #
########.###....


You could see a steam dragon (ally target).

Vanquished Creatures
  Natasha (thrice) (D:2)
  2 adders (D:2)
  2 worms (D:2)
  3 dart slugs (D:2)
  5 orcs (D:2)
  2 bats (D:1)
  5 endoplasms
  3 giant cockroaches
  5 goblins
  7 hobgoblins
  3 jackals (D:2)
  3 quokkas
  4 ball pythons
  5 frilled lizards
  4 kobolds
  5 rats
61 creatures vanquished.

Vanquished Creatures (collateral kills)
  2 foxfires
2 creatures vanquished.

Vanquished Creatures (others)
  166 foxfires
166 creatures vanquished.

Grand Total: 229 creatures vanquished

Notes
Turn   | Place    | Note
-------+----------+-------------------------------------------
     0 | D:1      | funkygono the Gargoyle Fire Elementalist began the quest
                  | for the Orb.
     0 | D:1      | Reached XP level 1. HP: 10/10 MP: 3/3
   388 | D:1      | Reached XP level 2. HP: 15/15 MP: 1/5
   391 | D:1      | Learned a level 2 spell: Scorch
   878 | D:1      | Reached XP level 3. HP: 19/19 MP: 4/6
   882 | D:1      | Learned a level 3 spell: Conjure Flame
  1113 | D:1      | Found a faded altar of an unknown god.
  1323 | D:2      | Reached skill level 4 in Fire Magic
  1396 | D:2      | Noticed Natasha
  1402 | D:2      | Killed Natasha
  1403 | D:2      | Reached XP level 4. HP: 24/24 MP: 0/8
  1517 | D:2      | Noticed Natasha
  1519 | D:2      | Killed Natasha
  1555 | D:2      | Noticed Natasha
  1561 | D:2      | Killed Natasha
  1562 | D:2      | Reached XP level 5. HP: 28/28 MP: 1/9
  1570 | D:2      | Learned a level 4 spell: Flame Wave
  2477 | D:3      | Noticed a steam dragon
  2483 | D:3      | Slain by a steam dragon

Illustrated notes

Levels and vault maps discovered:
D:1:      mrwooster_arrival_statue_2, layout_loops_ring,
          chequers_ecumenical_altar_lobes
D:2:      minmay_alternating_diamond, layout_rooms, minmay_tiny_reverse_x,
          uniq_natasha
D:3:      minmay_inner_zag, layout_rooms,
          mainiacjoe_overflow_concentric_impassable, uniq_ijyb

Skill      XL: |  1  2  3  4  5 |
---------------+----------------+-----
Fire Magic     | 4 |  4.3
Conjurations   | 2 3 |  3.0
Spellcasting   | 3 |  3.3
Fighting       | |  0.1
Maces & Flails | |  0.1
Dodging        | |  1.7
Stealth        | |  2.1

Action                   |  1- 3 |  4- 6 || total
-------------------------+-------+-------++-------
Melee: Mace              |    15 |    14 ||    29
       Flail             |       |     3 ||     3
 Cast: Foxfire           |    51 |    47 ||    98
       Scorch            |       |     6 ||     6
  Use: Scroll            |       |     2 ||     2
Armor: Robe              |     6 |     3 ||     9
Dodge: Dodged            |    13 |     9 ||    22

Table legend: (Time is in decaauts)
 A = Elapsed time spent in this place.
 B = Non-inter-level travel time spent in this place.
 C = Inter-level travel time spent in this place.
 D = Time resting spent in this place.
 E = Time spent auto-exploring this place.
 F = Levels seen in this place.
 G = Mean time per level.
                   A        B        C        D        E       F      G
               +--------+--------+--------+--------+--------+-----+--------+
         Total |   2502 |   2481 |     21 |    115 |   1964 |   3 |  834.0 |
       Dungeon |   2502 |   2481 |     21 |    115 |   1964 |   3 |  834.0 |
               +--------+--------+--------+--------+--------+-----+--------+

Top non-repeatable levels by time:
     D:2: 1279 daAuts
     D:1: 1181 daAuts
     D:3: 40 daAuts
